ABL
CRONULLA SHARKS @ SOUTH MELBOURNE SWANS
06/13/2022
 
TOP OF THE 1ST
Cronulla Sharks batting - Pitching for South Melbourne Swans : RHP Victor Glennie
Pitching: RHP Victor Glennie
Batting: LHB Nick Jeffcoate 0-0: Ball
1-0: Ball
2-0: Foul Ball, location: 2F
2-1: Ball
3-1: Ground out 6-3 (Groundball, 6MD, EV 96.9 MPH)
Batting: RHB Sloan Windus 0-0: Ball
1-0: SINGLE (Line Drive, 9S, EV 83.8 MPH)
Batting: LHB Bill Gower 0-0: Ball
1-0: Called Strike
1-1: Ball
2-1: Ball
3-1: Base on Balls
Sloan Windus to second
Batting: RHB Asa Thatcher 0-0: Swinging Strike
0-1: Ball
1-1: Foul Ball, location: 2F
1-2: DOUBLE (Line Drive, 7LM, EV 106.3 MPH)
Sloan Windus scores
Bill Gower to third
Runner from 3rd tries for Home, SAFE, no throw by LF
Batting: RHB Mark Ryan 0-0: Ball
1-0: Ball
2-0: Called Strike
2-1: Swinging Strike
2-2: Fly out, F8 (Line Drive, 8LM, EV 96.3 MPH)
Batting: SHB Bruno Collick 0-0: Ground out 1-3 (Groundball, 13S, EV 71.9 MPH)
Top of the 1st over - 2 runs, 2 hits, 0 errors, 1 left on base; Cronulla 2 - South Melbourne 0
BOTTOM OF THE 1ST
South Melbourne Swans batting - Pitching for Cronulla Sharks : RHP Lou Renshaw
Pitching: RHP Lou Renshaw
Batting: LHB Braeden Scarth 0-0: Swinging Strike
0-1: Ball
1-1: Ground out 4-3 (Groundball, 4, EV 85.6 MPH)
Batting: RHB Juan Huezo 0-0: Swinging Strike
0-1: Ball
1-1: Foul Ball, location: 5FF
1-2: Fly out, F9 (Flyball, 89D, EV 93.8 MPH)
Batting: RHB Rhett Johnston 0-0: Ball
1-0: Swinging Strike
1-1: Ball
2-1: Foul Ball, location: 23F
2-2: Ball
3-2: Ground out 6-3 (Groundball, 6, EV 85.6 MPH)
Bottom of the 1st over - 0 runs, 0 hits, 0 errors, 0 left on base; Cronulla 2 - South Melbourne 0
TOP OF THE 2ND
Cronulla Sharks batting - Pitching for South Melbourne Swans : RHP Victor Glennie
Batting: RHB Ollie Bullivant 0-0: Ground out 5-3 (Groundball, 56S, EV 90.6 MPH)
Batting: RHB Rhys Bloor 0-0: Ball
1-0: Called Strike
1-1: Ground out 5-3 (Groundball, 5S, EV 63.8 MPH)
Batting: RHB Lou Renshaw 0-0: Ball
1-0: Ball
2-0: Ball
3-0: Called Strike
3-1: SINGLE (Groundball, 34D, EV 98.1 MPH)
Batting: LHB Nick Jeffcoate 0-0: Foul Ball, location: 23FF
0-1: SINGLE (Line Drive, 34, EV 96.9 MPH)
Lou Renshaw to second
Batting: RHB Sloan Windus 0-0: Ball
1-0: Foul Ball, location: 5FF
1-1: Foul Ball, location: 7LSF
1-2: Ball
2-2: Fly out, F7 (Flyball, 78S, EV 88.1 MPH)
Top of the 2nd over - 0 runs, 2 hits, 0 errors, 2 left on base; Cronulla 2 - South Melbourne 0
BOTTOM OF THE 2ND
South Melbourne Swans batting - Pitching for Cronulla Sharks : RHP Lou Renshaw
Batting: LHB Calvin Ingleby 0-0: Ball
1-0: Ball
2-0: Foul Ball, location: 5DF
2-1: Swinging Strike
2-2: Strikes out looking
Batting: RHB Kole Palethorpe 0-0: Ball
1-0: Ball
2-0: DOUBLE (Flyball, 7LD, EV 95.6 MPH)
Batting: RHB Hector Gomez 0-0: SINGLE (Flyball, 8RS, EV 93.8 MPH)
Kole Palethorpe to third
Runner from 3rd tries for Home, SAFE, throw by CF to home
Batting: RHB Jarrod Rudder 0-0: Called Strike
0-1: Grounds into double play, 6-4-3 (Groundball, 6, EV 88.1 MPH)
Bottom of the 2nd over - 1 run, 2 hits, 0 errors, 0 left on base; Cronulla 2 - South Melbourne 1
TOP OF THE 3RD
Cronulla Sharks batting - Pitching for South Melbourne Swans : RHP Victor Glennie
Batting: LHB Bill Gower 0-0: Called Strike
0-1: Ball
1-1: Foul Ball, location: 3F
1-2: Ground out 5-3 (Groundball, 5, EV 86.9 MPH)
Batting: RHB Asa Thatcher 0-0: Ground out 5-3 (Groundball, 56, EV 87.5 MPH)
Batting: RHB Mark Ryan 0-0: Ball
1-0: Ball
2-0: Foul Ball, location: 2LF
2-1: Called Strike
2-2: Ball
3-2: Foul Ball, location: 9LDF
3-2: Ground out 5-3 (Groundball, 5, EV 101.9 MPH)
Top of the 3rd over - 0 runs, 0 hits, 0 errors, 0 left on base; Cronulla 2 - South Melbourne 1
BOTTOM OF THE 3RD
South Melbourne Swans batting - Pitching for Cronulla Sharks : RHP Lou Renshaw
Batting: RHB Mark Goudie 0-0: Called Strike
0-1: Foul Ball, location: 2F
0-2: Ball
1-2: Fly out, F8 (Flyball, 8RD, EV 100.6 MPH)
Batting: RHB Victor Glennie 0-0: Foul Ball, location: 2LF
0-1: Fly out, F8 (Flyball, 8RS, EV 91.3 MPH)
Batting: LHB Braeden Scarth 0-0: Foul Ball, location: 2F
0-1: Ball
1-1: Swinging Strike
1-2: Foul Ball, location: 3SF
1-2: Ball
2-2: Strikes out swinging
Bottom of the 3rd over - 0 runs, 0 hits, 0 errors, 0 left on base; Cronulla 2 - South Melbourne 1
TOP OF THE 4TH
Cronulla Sharks batting - Pitching for South Melbourne Swans : RHP Victor Glennie
Batting: SHB Bruno Collick 0-0: Foul Ball, location: 25F
0-1: Ball
1-1: Foul Ball, location: 2F
1-2: Ball
2-2: Strikes out swinging
Batting: RHB Ollie Bullivant 0-0: Ball
1-0: SINGLE (Groundball, 4MD, EV 103.8 MPH)
Batting: RHB Rhys Bloor 0-0: Called Strike
0-1: Ball
1-1: Foul Ball, location: 9LSF
1-2: Foul Ball, location: 25FF
1-2: Ball
2-2: Strikes out swinging
Batting: RHB Lou Renshaw 0-0: Swinging Strike
0-1: Fly out, F8 (Flyball, 8LD, EV 103.1 MPH)
Top of the 4th over - 0 runs, 1 hit, 0 errors, 1 left on base; Cronulla 2 - South Melbourne 1
BOTTOM OF THE 4TH
South Melbourne Swans batting - Pitching for Cronulla Sharks : RHP Lou Renshaw
Batting: RHB Juan Huezo 0-0: Ball
1-0: Ball
2-0: Ball
3-0: Called Strike
3-1: SINGLE (Line Drive, 56D, EV 105.0 MPH)
Batting: RHB Rhett Johnston 0-0: Called Strike
0-1: Foul Ball, location: 2F
0-2: Ground out 5-3 (Groundball, 56S, EV 68.8 MPH)
Juan Huezo to second
Batting: LHB Calvin Ingleby 0-0: Ground out U3 (Groundball, 23, EV 88.8 MPH)
Juan Huezo to third
Batting: RHB Kole Palethorpe 0-0: Foul Ball, location: 7LSF
0-1: Foul Ball, location: 2F
0-2: Fly out, F8 (Flyball, 8RD, EV 101.9 MPH)
Bottom of the 4th over - 0 runs, 1 hit, 0 errors, 1 left on base; Cronulla 2 - South Melbourne 1
TOP OF THE 5TH
Cronulla Sharks batting - Pitching for South Melbourne Swans : RHP Victor Glennie
Batting: LHB Nick Jeffcoate 0-0: SINGLE (Groundball, 4, EV 106.9 MPH) (infield hit)
Batting: RHB Sloan Windus 0-0: Ball
Nick Jeffcoate steals 2nd base (no throw)
1-0: Ball
2-0: Ball
3-0: Base on Balls
Batting: LHB Bill Gower 0-0: Ball
1-0: Foul Ball, location: 2F
1-1: Ball
2-1: DOUBLE (Flyball, 89XD, EV 93.8 MPH)
Nick Jeffcoate scores
Sloan Windus to third
Batting: RHB Asa Thatcher 0-0: Ball
1-0: Foul Ball, location: 2F
1-1: DOUBLE (Line Drive, 89D, EV 106.9 MPH)
Sloan Windus scores
Bill Gower scores
Batting: RHB Mark Ryan 0-0: Ball
1-0: Foul Ball, location: 23F
1-1: Fly out, F8 (Flyball, 89M, EV 98.1 MPH)
Batting: SHB Bruno Collick 0-0: Ball
1-0: Foul Ball, location: 5F
1-1: SINGLE (Flyball, 5D, EV 86.9 MPH)
Asa Thatcher to third
Batting: RHB Ollie Bullivant 0-0: Foul Ball, location: 5F
0-1: Called Strike
0-2: Ball
1-2: Foul Ball, location: 2F
1-2: Ball
2-2: Foul Ball, location: 5FF
2-2: Fly out, F4 (Popup, 4S, EV 67.5 MPH)
Batting: RHB Rhys Bloor 0-0: Called Strike
0-1: Fielders Choice at 2nd, 6-4 (Groundball, 6, EV 100.6 MPH)
Top of the 5th over - 3 runs, 4 hits, 0 errors, 2 left on base; Cronulla 5 - South Melbourne 1
BOTTOM OF THE 5TH
South Melbourne Swans batting - Pitching for Cronulla Sharks : RHP Lou Renshaw
Batting: RHB Hector Gomez 0-0: Ball
1-0: Ball
2-0: Foul Ball, location: 9LMF
2-1: Ground out 6-3 (Groundball, 56D, EV 110.6 MPH)
Batting: RHB Jarrod Rudder 0-0: Ball
1-0: Foul Ball, location: 25F
1-1: Ground out 5-3 (Groundball, 56, EV 88.1 MPH)
Batting: RHB Mark Goudie 0-0: Ball
1-0: SINGLE (Groundball, 34D, EV 99.4 MPH)
Pinch Hitting: RHB Logan Maxwell 0-0: Ball
1-0: Called Strike
1-1: Foul Ball, location: 9LDF
1-2: Ground out 2-3 (Groundball, 2L, EV 69.4 MPH)
Bottom of the 5th over - 0 runs, 1 hit, 0 errors, 1 left on base; Cronulla 5 - South Melbourne 1
TOP OF THE 6TH
Cronulla Sharks batting - Pitching for South Melbourne Swans : RHP Victor Glennie
Pitching: RHP Matt Garnham
Batting: RHB Lou Renshaw 0-0: Called Strike
0-1: Ground out U3 (Groundball, 34S, EV 84.4 MPH)
Batting: LHB Nick Jeffcoate 0-0: Foul Ball, location: 5FF
0-1: Ball
1-1: Ball
2-1: Swinging Strike
2-2: Foul Ball, location: 3F
2-2: Foul Ball, location: 2F
2-2: Foul Ball, location: 7LDF
2-2: Ball
3-2: Base on Balls
Batting: RHB Sloan Windus 0-0: Called Strike
Nick Jeffcoate steals 2nd base
0-1: Foul Ball, location: 2F
0-2: Ball
1-2: Foul Ball, location: 5DF
1-2: Ball
2-2: Foul Ball, location: 9LMF
2-2: Ball
3-2: Foul Ball, location: 25F
3-2: Ground out 6-3 (Groundball, 6S, EV 81.9 MPH)
Nick Jeffcoate to third
Batting: LHB Bill Gower 0-0: Foul Ball, location: 2F
0-1: Foul Ball, location: 9LSF
0-2: Foul Ball, location: 9LMF
0-2: Foul Ball, location: 3FF
0-2: Ball
1-2: DOUBLE (Flyball, 89XD, EV 92.5 MPH)
Nick Jeffcoate scores
Batting: RHB Asa Thatcher 0-0: Ball
1-0: Ground out 6-3 (Groundball, 6, EV 98.8 MPH)
Top of the 6th over - 1 run, 1 hit, 0 errors, 1 left on base; Cronulla 6 - South Melbourne 1
BOTTOM OF THE 6TH
South Melbourne Swans batting - Pitching for Cronulla Sharks : RHP Lou Renshaw
Batting: LHB Braeden Scarth 0-0: Ball
1-0: Ball
2-0: Ball
3-0: Called Strike
3-1: Base on Balls
Batting: RHB Juan Huezo 0-0: Reached on error, E6 (Groundball, 6, EV 87.5 MPH)
Braeden Scarth to second
Batting: RHB Rhett Johnston 0-0: Foul Ball, location: 23FF
0-1: Ball
1-1: Ball
2-1: Foul Ball, location: 2F
2-2: Ball
3-2: Strikes out swinging
Batting: LHB Calvin Ingleby 0-0: Called Strike
0-1: Swinging Strike
0-2: Ball
1-2: Foul Ball, location: 7LMF
1-2: Foul Ball, location: 2F
1-2: Foul Ball, location: 2LF
1-2: Ball
2-2: Foul Ball, location: 25F
2-2: Strikes out swinging
Batting: RHB Kole Palethorpe 0-0: Ball
1-0: Fly out, F7 (Flyball, 78M, EV 75.0 MPH)
Bottom of the 6th over - 0 runs, 0 hits, 1 error, 2 left on base; Cronulla 6 - South Melbourne 1
TOP OF THE 7TH
Cronulla Sharks batting - Pitching for South Melbourne Swans : RHP Matt Garnham
Batting: RHB Mark Ryan 0-0: Ball
1-0: Ball
2-0: Called Strike
2-1: Ball
3-1: Called Strike
3-2: Foul Ball, location: 3SF
3-2: Base on Balls
Batting: SHB Bruno Collick 0-0: Foul Ball, location: 7LMF
0-1: Fly out, F5 (Popup, 5SF, EV 77.5 MPH)
Batting: RHB Ollie Bullivant 0-0: Called Strike
0-1: Ball
1-1: Foul Ball, location: 5SF
1-2: Strikes out swinging
Batting: RHB Rhys Bloor 0-0: Ball
1-0: SINGLE (Line Drive, 9LS, EV 91.9 MPH)
Mark Ryan to second
Runner from 2nd tries for 3rd, OUT! 9-5
Top of the 7th over - 0 runs, 1 hit, 0 errors, 1 left on base; Cronulla 6 - South Melbourne 1
BOTTOM OF THE 7TH
South Melbourne Swans batting - Pitching for Cronulla Sharks : RHP Lou Renshaw
Batting: RHB Hector Gomez 0-0: Called Strike
0-1: Called Strike
0-2: Ball
1-2: Foul Ball, location: 3DF
1-2: Ball
2-2: DOUBLE (Groundball, 5L, EV 107.5 MPH)
Batting: RHB Jarrod Rudder 0-0: Called Strike
0-1: SINGLE (Groundball, 4MD, EV 96.3 MPH)
Hector Gomez to third
Batting: RHB Mark Goudie 0-0: Called Strike
0-1: Foul Ball, location: 9LMF
0-2: Foul Ball, location: 2F
0-2: Strikes out swinging
Pinch Hitting: LHB C.B. Hadingham 0-0: Ball
1-0: Ball
2-0: Fly out, F7 (Flyball, 7D, EV 105.0 MPH)
Runner from 3rd tags up, SCORES, no throw by LF
Pitching: RHP Bill Embleton
Batting: LHB Braeden Scarth 0-0: Ball
1-0: Ball
2-0: SINGLE (Line Drive, 8RS, EV 100.0 MPH)
Jarrod Rudder to second
Batting: RHB Juan Huezo 0-0: Ball
1-0: Ball
2-0: Foul Ball, location: 2F
2-1: Swinging Strike
2-2: Fly out, F9 (Flyball, 89M, EV 86.9 MPH)
Bottom of the 7th over - 1 run, 3 hits, 0 errors, 2 left on base; Cronulla 6 - South Melbourne 2
TOP OF THE 8TH
Cronulla Sharks batting - Pitching for South Melbourne Swans : RHP Matt Garnham
Pitching: RHP Colm Curson
Pinch Hitting: SHB Tony Alvarado 0-0: Ball
1-0: Foul Ball, location: 5DF
1-1: Called Strike
1-2: SINGLE (Line Drive, 9S, EV 103.1 MPH)
Batting: LHB Nick Jeffcoate 0-0: Ball
1-0: Ball
2-0: Called Strike
2-1: 2-RUN HOME RUN (Flyball, 9D, EV 96.3 MPH), Distance : 363 ft
Batting: RHB Sloan Windus 0-0: Foul Ball, location: 3DF
0-1: Ball
1-1: Ball
2-1: Ball
3-1: Called Strike
3-2: SINGLE (Line Drive, 8LS, EV 92.5 MPH)
Batting: LHB Bill Gower 0-0: Ball
1-0: Called Strike
Sloan Windus is caught stealing 2nd base 2-6
1-1: Called Strike
1-2: Foul Ball, location: 2F
1-2: Strikes out swinging
Batting: RHB Asa Thatcher 0-0: Called Strike
0-1: Foul Ball, location: 5F
0-2: Ground out U3 (Groundball, 34, EV 92.5 MPH)
Top of the 8th over - 2 runs, 3 hits, 0 errors, 0 left on base; Cronulla 8 - South Melbourne 2
BOTTOM OF THE 8TH
South Melbourne Swans batting - Pitching for Cronulla Sharks : RHP Bill Embleton
Pitching: LHP Koy Whitton
Batting: RHB Rhett Johnston 0-0: Called Strike
0-1: Called Strike
0-2: Fly out, F8 (Flyball, 8RD, EV 105.6 MPH)
Batting: LHB Calvin Ingleby 0-0: SINGLE (Groundball, 4MD, EV 95.0 MPH)
Batting: RHB Kole Palethorpe 0-0: Ball
1-0: Called Strike
1-1: Fly out, F8 (Flyball, 8RD, EV 98.8 MPH)
Batting: RHB Hector Gomez 0-0: Ball
1-0: Fly out, F8 (Flyball, 89D, EV 86.9 MPH)
Bottom of the 8th over - 0 runs, 1 hit, 0 errors, 1 left on base; Cronulla 8 - South Melbourne 2
TOP OF THE 9TH
Cronulla Sharks batting - Pitching for South Melbourne Swans : RHP Colm Curson
Batting: RHB Mark Ryan 0-0: Called Strike
0-1: Swinging Strike
0-2: Ground out 4-3 (Groundball, 4, EV 90.0 MPH)
Batting: SHB Bruno Collick 0-0: Fly out, F8 (Flyball, 8LD, EV 95.0 MPH)
Batting: RHB Ollie Bullivant 0-0: Called Strike
0-1: Called Strike
0-2: Foul Ball, location: 9LMFF
0-2: Ball
1-2: Ball
2-2: Ball
3-2: Foul Ball, location: 25FF
3-2: SINGLE (Line Drive, 8RS, EV 87.5 MPH)
Batting: RHB Rhys Bloor 0-0: Swinging Strike
0-1: Swinging Strike
0-2: Ball
1-2: Strikes out swinging
Top of the 9th over - 0 runs, 1 hit, 0 errors, 1 left on base; Cronulla 8 - South Melbourne 2
BOTTOM OF THE 9TH
South Melbourne Swans batting - Pitching for Cronulla Sharks : LHP Koy Whitton
Batting: RHB Jarrod Rudder 0-0: Ball
1-0: DOUBLE (Flyball, 78XD, EV 89.4 MPH)
Batting: RHB Mark Goudie 0-0: Ball
1-0: Swinging Strike
1-1: Ball
2-1: Ball
3-1: Swinging Strike
3-2: Fly out, F6 (Line Drive, 6MD, EV 73.1 MPH)
Pinch Hitting: RHB David Sandercock 0-0: Ball
1-0: Called Strike
1-1: Fly out, F8 (Flyball, 8LD, EV 96.3 MPH)
Batting: LHB Braeden Scarth 0-0: Foul Ball, location: 7LSF
0-1: Ball
1-1: Ball
2-1: Called Strike
2-2: Strikes out looking
Bottom of the 9th over - 0 runs, 1 hit, 0 errors, 1 left on base; Cronulla 8 - South Melbourne 2
Thursday, May 2nd , 2024 - OOTP Baseball 24.9 Build 80